AoeStats
← jugi

Four Lakes

509464617Analyzed
1v1 RM · 4d ago on Sep 26, 2026· 33m 19s· 2 players
Game mode
Random Map
Map size
Tiny (2 player)
Population
200
Speed
Normal
Resources
Standard
Victory
Conquest
Starting age
Dark Age
Ending age
Imperial Age
RankedLock teamsTeams togetherTeam positionsShared explorationLock speedFull tech treeHidden civsTurbo modeCheats
Victory
Defeat
🇭🇺 Turks · Hungary
1225
+17
🇦🇷 Japanese · Argentina
1244
-17
jugi
4:28 Loom
12:56 Feudal Age
13:24 Double-Bit Axe
16:32 Castle Age
17:56 Horse Collar
18:28 Bow Saw
20:07 Gold Mining
20:53 Town Watch
26:23 Imperial Age
Aguscjs
5:35 Loom
11:40 Feudal Age
13:39 Town Watch
16:04 Castle Age
14:14 Double-Bit Axe
14:10 Horse Collar
14:56 Scale Mail Armor
15:03 Gold Mining
15:03 Stone Mining
17:44 Squires
17:57 Forging
18:03 Chain Mail Armor
19:50 Wheelbarrow
21:01 Horse Collar
24:25 Bow Saw
27:48 Iron Casting
29:04 Elite Skirmisher
32:35 Imperial Age
Connection lost

Rejoining the realm…

Still unreachable

The connection could not be restored.

Session expired

The server has moved on; the page needs a fresh start.